 Dungeon Crawl Stone Soup version 0.31-a0-188-g5e087ee2ca (webtiles) character file.

Game seed: 1449567517597885175

425 qw the Skirmisher (level 6, 0/35 HPs)
             Began as a Deep Elf Hunter on June 23, 2023.
             Was an Initiate of Okawaru.
             Slain by a hound (4 damage)
             ... on level 4 of the Dungeon.
             The game lasted 00:00:46 (2000 turns).

qw the Skirmisher (Deep Elf Hunter)                 Turns: 2000, Time: 00:00:46

Health: 0/35       AC:  6    Str: 10    XL:     6   Next: 64%
Magic:  8/8        EV: 11    Int: 14    God:    Okawaru [......]
Gold:   118        SH:  5    Dex: 18    Spells: 5/5 levels left

rFire   . . .        Y - +1 arbalest (flame)
rCold   . . .        (shield currently unavailable)
rNeg    . . .        f - +0 ring mail
rPois   .            (no helmet)
rElec   .            (no cloak)
rCorr   .            c - +0 pair of gloves
SInv    .            (no boots)
Will    .....        j - amulet of reflection
Stlth   +            (no ring)
HPRegen 0.25/turn    (no ring)
MPRegen 0.11/turn

%: reflection
@: no status effects
A: no striking features
a: Renounce Religion


You were on level 4 of the Dungeon.
You worshipped Okawaru.
Okawaru was noncommittal.
You visited 1 branch of the dungeon, and saw 4 of its levels.

You collected 118 gold pieces.


   Skills:
 - Level 2.2 Fighting
 - Level 10.2 Ranged Weapons
 + Level 2.4 Dodging
 - Level 1.2 Stealth


You had 5 spell levels left.
You didn't know any spells.
Your spell library was empty.

Inventory:

Hand Weapons
 Y - a +1 arbalest of flaming (weapon)
Armour
 c - a +0 pair of gloves (worn)
 f - a +0 ring mail (worn)
Jewellery
 j - an amulet of reflection (around neck)
Scrolls
 g - a scroll of teleportation
 k - a scroll of identify
Potions
 a - a potion of lignification {unknown}
 b - a potion of curing
 d - a potion of enlightenment
 e - a potion of heal wounds {unknown}
 h - a potion of might {unknown}
 i - a potion of cancellation

Dungeon Overview and Level Annotations

Branches:
Dungeon (4/15)
 Temple: D:4-7

Altars:
Okawaru

Annotations:
D:4 Blork the orc, Duvessa


Message History

Enter note: You shoot a bolt.
The bolt barely misses Duvessa.
You shoot a bolt. The bolt hits Duvessa.
The bolt burns Duvessa.
Duvessa is lightly wounded.
Dowan, Brother of Duvessa comes into view.
He is wielding a +0 dagger.
A scorpion comes into view.
You shoot a bolt. The bolt hits Duvessa!
The bolt burns Duvessa.
Duvessa is heavily wounded.
A hound comes into view.
A quokka comes into view.
The quokka moves out of view.
You shoot a bolt. The bolt closely misses Duvessa.
The bolt barely misses Dowan.
The hound barks!
The bolt hits the scorpion!
The bolt burns the scorpion.
The scorpion is heavily wounded.
Duvessa completely misses you.
You shoot a bolt. The bolt barely misses Duvessa.
The bolt hits Dowan!!
The bolt burns Dowan!
You kill Dowan!
Okawaru accepts your kill.
Duvessa screams in rage.
Duvessa goes berserk!
You block Duvessa's attack.
Blork the orc comes into view.
He is wielding a +0 hand axe.
Duvessa hits you with a +0 short sword!
Your Ranged Weapons skill increases to level 10!
You shoot a bolt. The bolt barely misses Duvessa.
The bolt hits the scorpion.
The bolt burns the scorpion.
The scorpion is almost dead.
Duvessa barely misses you. Duvessa hits you with a +0 short sword.
The hound bites you.
Blork the orc begins to cast a cantrip, but forgets the words!
Duvessa hits you with a +0 short sword. The hound bites you but does no damage.
You shoot a bolt. The bolt barely misses Duvessa.
The bolt hits Blork the orc.
The bolt burns Blork the orc.
Blork the orc is moderately wounded.
Duvessa hits you with a +0 short sword. The hound barely misses you.
Blork the orc casts a spell.
Blork the orc seems to speed up.
Duvessa hits you with a +0 short sword! The hound bites you.
You die...

...####......%...##
##..###
.#...%##........##
##..##
#####..........##
##..## ####....)###
####..##
###.....###.....##
####...........#
##.........#
#....##...##
#h@.####...# #.es##
#...# #).## ##..##
#..# #...# .o..
#...# ..... ##..##
...#. #...# .###.
##..# #..##


You could see Duvessa (berserk), Blork the orc (fast), a scorpion and a hound.

Vanquished Creatures
  A phantom (D:4)
  Dowan (D:4)
  2 hounds (D:4)
  Jessica (D:2)
  Natasha (thrice) (D:2)
  An iguana (D:4)
  6 adders
  2 worms (D:3)
  3 dart slugs
  5 endoplasms
  2 giant cockroaches
  2 goblins (D:1)
  3 hobgoblins
  2 jackals (D:3)
  4 kobolds
  4 quokkas
  5 ball pythons
  3 bats
  6 frilled lizards
  7 rats
63 creatures vanquished.

Notes
Turn   | Place    | Note
-------+----------+-------------------------------------------
     0 | D:1      | qw the Deep Elf Hunter began the quest for the Orb.
     0 | D:1      | Reached XP level 1. HP: 12/12 MP: 3/3
     0 | D:1      | 0 ||| qw: Version: 0.3-a-9-g12657ce
     0 | D:1      | 0 ||| qw: Game counter: 3229
     0 | D:1      | 0 ||| qw: Always use a shield: true
     0 | D:1      | 0 ||| qw: God list: Okawaru
     0 | D:1      | 0 ||| qw: Allow faded altars: false
     0 | D:1      | 0 ||| qw: Do Orc after D:15 true
     0 | D:1      | 0 ||| qw: Do second Lair branch before Depths: true
     0 | D:1      | 0 ||| qw: Lair rune preference: random
     0 | D:1      | 0 ||| qw: Plans: Normal
     0 | D:1      | 0 ||| PLANNING D:1-11
   262 | D:1      | Reached skill level 6 in Ranged Weapons
   262 | D:1      | Reached XP level 2. HP: 16/16 MP: 4/4
   427 | D:1      | Found a faded altar of an unknown god.
   546 | D:1      | 546 ||| READING scroll labelled XUOLLO GELE.
   547 | D:1      | 547 ||| READING scroll labelled OPNOTE BIDI.
   548 | D:1      | 548 ||| READING scroll labelled SOFEOGHEOCEL.
   549 | D:1      | 549 ||| READING scroll labelled FORCHO NA IVUS.
   552 | D:1      | 552 ||| DRINKING 2 silvery potions.
   553 | D:1      | 553 ||| DROPPING scroll of butterflies.
   554 | D:1      | 554 ||| DROPPING potion of attraction.
   566 | D:2      | Noticed Jessica
   567 | D:2      | Killed Jessica
   568 | D:2      | Reached XP level 3. HP: 17/20 MP: 5/5
   568 | D:2      | 568 ||| STAIRDANCE
   618 | D:2      | Noticed Natasha
   620 | D:2      | 620 ||| Stepping ~*~*~tactically~*~*~ (outnumbered).
   625 | D:2      | Killed Natasha
   626 | D:2      | Reached skill level 7 in Ranged Weapons
   683 | D:2      | Reached XP level 4. HP: 25/25 MP: 6/6
   700 | D:2      | Noticed Natasha
   714 | D:2      | Killed Natasha
   817 | D:2      | Reached skill level 8 in Ranged Weapons
   940 | D:2      | Noticed Natasha
   948 | D:2      | Killed Natasha
  1027 | D:2      | Reached XP level 5. HP: 29/29 MP: 7/7
  1152 | D:2      | 1152 ||| UPGRADING to +0 ring mail.
  1162 | D:2      | 1162 ||| DROPPING +0 leather armour.
  1163 | D:2      | 1163 ||| UPGRADING to amulet of reflection.
  1168 | D:2      | 1168 ||| READING scroll labelled XELUMI ZO VAQY.
  1168 | D:2      | Identified a scroll of acquirement
  1168 | D:2      | 1168 ||| ACQUIRING +1 arbalest of flaming
  1168 | D:2      | Acquired a +1 arbalest of flaming
  1170 | D:2      | 1170 ||| SWAPPING to +1 arbalest of flaming.
  1171 | D:2      | 1171 ||| DROPPING +0 shortbow.
  1172 | D:2      | 1172 ||| READING scroll labelled ZEK KAM AWAL.
  1173 | D:2      | 1173 ||| DRINKING 2 fizzy ruby potions.
  1436 | D:3      | HP: 7/29 [poisoned by an adder]
  1618 | D:3      | Reached skill level 9 in Ranged Weapons
  1722 | D:3      | 1722 ||| READING scroll labelled FELEEPTOPN.
  1723 | D:3      | 1723 ||| DRINKING 2 bubbling black potions.
  1746 | D:4      | Noticed a phantom
  1749 | D:4      | Killed a phantom
  1750 | D:4      | Reached XP level 6. HP: 35/35 MP: 8/8
  1860 | D:4      | Found an iron altar of Okawaru.
  1861 | D:4      | 1861 ||| PLANNING OKAWARU WORSHIP
  1861 | D:4      | 1861 ||| UPGRADING to +0 pair of gloves.
  1866 | D:4      | 1866 ||| DRINKING 2 ruby potions.
  1871 | D:4      | Became a worshipper of Warmaster Okawaru
  1872 | D:4      | 1872 ||| PLANNING D:1-11
  1993 | D:4      | Noticed Duvessa
  1995 | D:4      | Noticed Dowan
  1998 | D:4      | Killed Dowan
  1998 | D:4      | Noticed Blork the orc
  1999 | D:4      | Reached skill level 10 in Ranged Weapons
  2000 | D:4      | HP: 4/35 [Duvessa/+0 short sword (13)]
  2000 | D:4      | Slain by a hound

Levels and vault maps discovered:
D:1:      matt_arrival_refuge, layout_rooms, ebering_ecumenical_altar_box,
          chequers_serial_rivers_micro_e
D:2:      layout_basic, uniq_jessica, uniq_natasha
D:3:      layout_basic
D:4:      layout_cave_pods, marbit_many_paths, minmay_temple_entry_mist,
          serial_shops, nicolae_stop_n_shop_1, uniq_duvessa, uniq_blork_the_orc

Skill      XL: |  1  2  3  4  5  6 |
---------------+-------------------+-----
Ranged Weapons | 6 7 8 9 10 | 10.2
Fighting       | 2 |  2.2
Dodging        | |  2.4
Stealth        | |  1.2

Action                     |  1- 3 |  4- 6 || total
---------------------------+-------+-------++-------
   Fire: Shortbow          |    42 |    47 ||    89
         Arbalest          |       |    64 ||    64
    Use: Scroll            |     4 |     3 ||     7
         Potion            |     1 |     3 ||     4
 Armour: Leather armour    |     2 |     3 ||     5
         Ring mail         |       |    17 ||    17
  Dodge: Dodged            |    11 |    35 ||    46
  Block: Other             |       |    11 ||    11
         Reflection        |       |     1 ||     1

Table legend:
 A = Non-vault XP
 B = Vault XP
 C = Vault XP percentage of total XP
 D = Non-vault monster count
 E = Vault monster count
 F = Vault count percentage of total count
                 A         B        C        D         E       F
            +---------+---------+-------+---------+---------+-------
      Total |     428 |     180 |  29.6 |      59 |       4 |   6.3
            +---------+---------+-------+---------+---------+-------
        D:1 |      18 |       0 |   0.0 |      13 |       0 |   0.0
        D:2 |     109 |      73 |  40.1 |      18 |       2 |  10.0
        D:3 |      94 |       0 |   0.0 |      22 |       0 |   0.0
        D:4 |     207 |     107 |  34.1 |       6 |       2 |  25.0
            +---------+---------+-------+---------+---------+-------
